 Dungeon Crawl Stone Soup version 0.29.1-2-gbd0b4ee654 (webtiles) character file.

Game seed: 7947810713378681177

1 concernfroge the Trooper (level 1, 0/18 HPs)
             Began as a Mummy Monk on Nov 27, 2022.
             Slain by an orc
             ... wielding a +0 club
              (1 damage)
             ... on level 1 of the Dungeon.
             The game lasted 00:00:30 (61 turns).

concernfroge the Trooper (Mummy Monk)                 Turns: 61, Time: 00:00:31

Health: 0/18       AC:  6    Str: 14    XL:     1   Next: 16%
Magic:  1/1        EV:  9    Int:  9    God:
Gold:   0          SH:  0    Dex: 14    Spells: 0/0 levels left

rFire   x . .      SeeInvis .   a - +0 spear
rCold   + . .      Faith    .   (no shield)
rNeg    + + +      Spirit   .   c - +0 scale mail
rPois   ∞          Reflect  .   (no helmet)
rElec   .          Harm     .   (no cloak)
rCorr   .          Rampage  .   (no gloves)
Will    .....                   (no boots)
Stlth   ..........              (no amulet)
HPRegen 0.06/turn               (no ring)
MPRegen 0.07/turn               (no ring)

@: no status effects
A: cold resistance 1, negative energy resistance 3, torment resistance 2, heat
vulnerability 1, no potions
a: no special abilities


You were on level 1 of the Dungeon.
You visited 1 branch of the dungeon, and saw 2 of its levels.

Inventory:

Hand Weapons
 a - a +0 spear (weapon)
Armour
 c - a +0 scale mail (worn)


   Skills:
 + Level 3.1 Fighting
 - Level 2.4 Polearms
 - Level 2.4 Dodging
 - Level 1.5 Stealth


You couldn't memorise any spells.
You didn't know any spells.
Your spell library was empty.

Dungeon Overview and Level Annotations

Branches:
Dungeon (2/15)

Altars:


Innate Abilities, Weirdness & Mutations

You are immune to poison.
Your flesh is cold resistant. (rC+)
You are immune to negative energy. (rN+++)
You are immune to unholy pain and torment.
You are vulnerable to heat. (rF-)
You do not drink.


Message History

You finish putting on your +0 scale mail.
You drop a +0 robe.
The endoplasm quivers.
The endoplasm jiggles.
An endoplasm is nearby!
An orc comes into view. It is wielding a +0 short sword.
Found 15 gold pieces.
The orc shouts!
You hear a shout!
An orc comes into view. It is wielding a +0 club.
You reach to attack!
The orc shouts!
You hit the endoplasm.
You kill the endoplasm!
A hobgoblin comes into view.
An orc priest comes into view. It is wielding a +0 club.
An orc comes into view. It is wielding a +0 club.
An orc comes into view. It is wielding a +0 club.
Found a stone staircase leading up.
The orc shouts!
An orc comes into view. It is wielding a +0 short sword.
The orc shouts!
The orc attacks as you move away! The orc hits you but does no damage.
Found a stone staircase leading down.
The orc barely misses you. The orc hits you with a +0 club. x2
You closely miss the orc. The orc attacks as you move away!
The orc closely misses you. The orc misses you. The hobgoblin hits you.
The orc hits you with a +0 club.
* * * LOW HITPOINT WARNING * * *
Found 19 gold pieces.
The orc hits you with a +0 club.
* * * LOW HITPOINT WARNING * * *
The orc attacks as you move away! The orc barely misses you.
There is a stone staircase leading up here.
The orc barely misses you.
You climb upwards.
The goblin shouts!
There is a stone staircase leading down here.
You aren't carrying any scrolls.
You hit the goblin but do no damage. The orc hits you with a +0 club.
You die...

#######
......###
#####...#
#≈≈≈#.#.#
#≈S≈#.#.#
#≈≈≈#.#
###########.##
#####.#
......g@o...#
......#
######o###..#
#####.# #. #
#S≈≈#.# #.
#≈≈≈#. #. #.
#. #.


You could see 2 orcs and a goblin.

Vanquished Creatures
  An endoplasm (D:2)
1 creature vanquished.

Notes
Turn   | Place    | Note
-------+----------+-------------------------------------------
     0 | D:1      | concernfroge the Mummy Monk began the quest for the Orb.
     0 | D:1      | Reached XP level 1. HP: 18/18 MP: 1/1
     3 | D:1      | Noticed an electric eel
     4 | D:1      | Noticed an electric eel
    12 | D:1      | You fall into a shaft and drop 1 floor!
    44 | D:2      | Noticed an orc priest
    61 | D:1      | Slain by an orc

Illustrated notes

Levels and vault maps discovered:
D:1:      arrival_aquarium_b, layout_loops_ring,
          chequers_ecumenical_altar_grove,
          nicolae_concentric_dashed_squares_wild
D:2:      layout_rooms, minmay_fractal_squares_5

Action                   || total
-------------------------++-------
Melee: Spear             ||     3
Armor: Scale mail        ||     1
Dodge: Dodged            ||     5
